 Dungeon Crawl Stone Soup version 0.30.1-9-gdf580d7c3d (webtiles) character file.

Game seed: 17043325831105312020

1481 Wiggles the Cleaver (level 8, -1/71 HPs)
             Began as a Minotaur Berserker on Sept 29, 2023.
             Was a Priest of Trog.
             Slain by a bullfrog simulacrum (9 damage)
             ... on level 5 of the Dungeon.
             The game lasted 00:06:26 (4436 turns).

Wiggles the Cleaver (Minotaur Berserker)            Turns: 4436, Time: 00:06:27

Health: -1/71      AC: 13    Str: 25    XL:     8   Next: 50%
Magic:  0/7        EV: 11    Int:  4    God:    Trog [***...]
Gold:   166        SH:  0    Dex: 15    Spells: 7/7 levels left

rFire   . . .        a - +0 hand axe
rCold   . . .        (no shield)
rNeg    + . .        f - +2 chain mail {rN+}
rPois   .            (helmet restricted)
rElec   .            l - +0 cloak
rCorr   +            (no gloves)
SInv    .            (no boots)
Will    .....        s - amulet of guardian spirit Stlth
                     p - +6 ring of dexterity
HPRegen 0.31/turn    q - ring of resist corrosion
MPRegen 0.10/turn

%: guardian spirit
@: on berserk cooldown, slowed, very slow
A: horns 2, retaliatory headbutt
a: Renounce Religion, Berserk, Trog's Hand


You were on level 5 of the Dungeon.
You worshipped Trog.
Trog was most pleased with you.
You visited 1 branch of the dungeon, and saw 5 of its levels.

You collected 202 gold pieces.
You spent 36 gold pieces at shops.

Inventory:

Hand Weapons
 a - a +0 hand axe (weapon)
Armour
 f - a +2 chain mail of positive energy (worn)
 l - a +0 cloak (worn)
Jewellery
 p - a +6 ring of dexterity (left hand)
 q - a ring of resist corrosion (right hand)
 s - an amulet of guardian spirit (around neck)
Wands
 o - a wand of roots (9)
 u - a wand of polymorph (4)
Scrolls
 b - a scroll of fog {unknown}
 d - 10 scrolls of identify {unknown}
 e - 2 scrolls of teleportation {unknown}
 h - 2 scrolls of enchant armour {unknown}
 n - a scroll of amnesia {unknown}
 r - a scroll of poison {unknown}
 t - a scroll of noise {unknown}
 v - a scroll of magic mapping {unknown}
Potions
 c - 5 potions of curing
 g - a potion of brilliance {unknown}
 i - a potion of heal wounds {unknown}
 j - a potion of resistance {unknown}
 k - 2 potions of might {unknown}
 m - 2 potions of flight {unknown}
 w - a potion of lignification {unknown}
 x - 2 potions of cancellation {unknown}
 z - a potion of degeneration {unknown}


   Skills:
 + Level 6.4 Fighting
 + Level 8.9 Axes
 + Level 7.1 Armour
 + Level 4.6 Dodging
 + Level 0.4 Stealth


You had 7 spell levels left.
You didn't know any spells.
Your spell library was empty.

Dungeon Overview and Level Annotations

Branches:
Dungeon (5/15)             Temple (0/1) D:4

Altars:
Makhleb
Xom

Shops:
D:4 !   D:5 =


Innate Abilities, Weirdness & Mutations

You have a pair of horns on your head.
You reflexively headbutt those who attack you in melee.


Message History

You closely miss LezBotw's ghost. Your headbutt misses LezBotw's ghost.
LezBotw's ghost is heavily damaged.
LezBotw's ghost barely misses you.
You closely miss LezBotw's ghost.
LezBotw's ghost is heavily damaged.
LezBotw's ghost hits you. LezBotw's ghost misses you. You furiously retaliate!
You headbutt LezBotw's ghost, but do no damage.
You slash LezBotw's ghost! Your headbutt misses LezBotw's ghost.
LezBotw's ghost is severely damaged.
LezBotw's ghost hits you.
You hit LezBotw's ghost. You headbutt LezBotw's ghost.
LezBotw's ghost is almost destroyed.
LezBotw's ghost hits you.
LezBotw's ghost hits you but does no damage.
You hit LezBotw's ghost but do no damage.
LezBotw's ghost is almost destroyed.
LezBotw's ghost hits you!
You slash LezBotw's ghost!
You destroy LezBotw's ghost!
Trog accepts your kill.
There is an open translucent gate here.
There is an open translucent gate here.
The bullfrog simulacrum hits you. The bullfrog simulacrum freezes you.
You hit the bullfrog simulacrum.
The bullfrog simulacrum is lightly damaged.
The bullfrog simulacrum hits you. The bullfrog simulacrum freezes you.
* * * LOW HITPOINT WARNING * * *
The bullfrog simulacrum hits you but does no damage.
You closely miss the bullfrog simulacrum.
The bullfrog simulacrum is lightly damaged.
The bullfrog simulacrum hits you.
* * * LOW HITPOINT WARNING * * *
The bullfrog simulacrum freezes you.
* * * LOW HITPOINT WARNING * * *
You barely miss the bullfrog simulacrum.
The bullfrog simulacrum is lightly damaged.
The bullfrog simulacrum hits you.
* * * LOW HITPOINT WARNING * * *
The bullfrog simulacrum freezes you!
You die...

....#..# .Y.....###..##.##.#
#.###..##..#..... #).#..#.#
#.##....#..#.?.=.. #..#..#.######
#.##.#..#.$##..... #..#..#.......
#.......#...###(!##..##..########
####.##.##....####...#...# #
#.##..#..........##.#.# #
#.###.##........[#..#.# # ####.#
#..##...Z@..##..#.# # .....#
#...###'''###.....# # ##...#
#.#.............### #
#...###.#.####.##.###.##
#...##...<####.#.## ##.#
#......#.......##.###.##
##..###....#######..#..##
....####.#.#######......#
...................####.#


You could see a bullfrog simulacrum.

Vanquished Creatures
  The ghost of arthad the Covered, an amateur AtFi (D:3)
  Sigmund (D:3)
  3 ice beasts (D:5)
  The ghost of LezBotw the Sneak, an amateur MiDe (D:5)
  An ogre (D:5)
  A centaur (D:5)
  A crimson imp (D:5)
  3 quasits (D:3)
  2 hounds (D:5)
  A water moccasin simulacrum (D:5)
  Jessica (D:2)
  Terence (D:2)
  2 iguanas
  2 orc wizards
  A bullfrog simulacrum (D:5)
  A centaur simulacrum (D:5)
  5 adders
  A hound simulacrum (D:5)
  A white imp (D:5)
  3 ufetubi (D:5)
  2 worms
  A dart slug (D:1)
  An adder simulacrum (D:5)
  13 orcs
  5 endoplasms
  4 giant cockroaches
  8 goblins
  6 hobgoblins
  5 jackals
  6 kobolds
  4 quokkas
  9 ball pythons
  A bat (D:1)
  A frilled lizard (D:1)
  6 rats
105 creatures vanquished.

Notes
Turn   | Place    | Note
-------+----------+-------------------------------------------
     0 | D:1      | Wiggles the Minotaur Berserker began the quest for the Orb.
     0 | D:1      | Reached XP level 1. HP: 19/19 MP: 0/0
   271 | D:1      | Reached skill level 4 in Axes
   271 | D:1      | Reached XP level 2. HP: 23/27 MP: 1/1
   769 | D:2      | Noticed Jessica
   774 | D:2      | Killed Jessica
   775 | D:2      | Reached XP level 3. HP: 34/34 MP: 2/2
   987 | D:2      | Reached XP level 4. HP: 29/41 MP: 3/3
  1189 | D:2      | Noticed Terence
  1193 | D:2      | Killed Terence
  1799 | D:3      | Reached skill level 5 in Axes
  1858 | D:3      | Found a transporter.
  2043 | D:3      | Noticed Sigmund
  2051 | D:3      | Killed Sigmund
  2052 | D:3      | Reached skill level 5 in Fighting
  2052 | D:3      | Reached skill level 6 in Axes
  2052 | D:3      | Reached XP level 5. HP: 48/48 MP: 4/4
  2052 | D:3      | Reached XP level 6. HP: 56/56 MP: 5/5
  2364 | D:3      | Found a transporter.
  2374 | D:3      | Noticed arthad's ghost (amateur AtFi)
  2430 | D:3      | Reached ** piety under Trog
  2503 | D:3      | Found a faded altar of an unknown god.
  2691 | D:3      | Killed arthad's ghost
  2692 | D:3      | Reached skill level 7 in Axes
  2692 | D:3      | Reached skill level 5 in Armour
  2692 | D:3      | Reached XP level 7. HP: 61/61 MP: 6/6
  2855 | D:4      | Found Duneff's Distillery.
  2866 | D:4      | Bought a potion of curing for 36 gold pieces
  2893 | D:4      | Found a staircase to the Ecumenical Temple.
  3720 | D:5      | Entered Level 5 of the Dungeon
  3720 | D:5      | Found Fibeas's One-of-a-Kind Rings.
  3816 | D:5      | Noticed LezBotw's ghost (amateur MiDe)
  3896 | D:5      | Found a runed translucent gate.
  3896 | D:5      | Found a runed translucent gate.
  3898 | D:5      | Found a runed translucent gate.
  3983 | D:5      | Reached skill level 8 in Axes
  3983 | D:5      | Reached XP level 8. HP: 67/70 MP: 5/7
  4045 | D:5      | Found a shimmering altar of Xom.
  4045 | D:5      | Found a burning altar of Makhleb.
  4185 | D:5      | Reached *** piety under Trog
  4430 | D:5      | Killed LezBotw's ghost
  4436 | D:5      | Slain by a bullfrog simulacrum

Illustrated notes

Levels and vault maps discovered:
D:1:      saegor_arrival_simple_b, layout_basic, kennysheep_flooded_box
D:2:      layout_basic, uniq_jessica, uniq_terence
D:3:      layout_basic, gammafunk_ghost_stat_death,
          shapermc_ecumenical_altar_mp_vishouse, uniq_sigmund
D:4:      minmay_recursive_quarters, layout_layer_cave,
          minmay_temple_entry_mini_moons, serial_shops, nicolae_square_shop
D:5:      layout_loops_ring, grunt_temple_overflow_champion_of_chaos,
          gammafunk_ghost_icy, nicolae_shop_unique_rings

Skill      XL: |  1  2  3  4  5  6  7  8 |
---------------+-------------------------+-----
Axes           | 4 6 7 8 |  8.9
Fighting       | 4 5 6 |  6.4
Armour         | 4 5 6 7 |  7.1
Dodging        | 3 4 |  4.6
Stealth        | |  0.4

Action                     |  1- 3 |  4- 6 |  7- 9 || total
---------------------------+-------+-------+-------++-------
  Melee: Hand axe          |    54 |    63 |   130 ||   247
         Headbutt          |    10 |    10 |    23 ||    43
         Punch             |       |     2 |     1 ||     3
 Invoke: Berserk           |     1 |     4 |     1 ||     6
         Trog's Hand       |       |     1 |       ||     1
 Armour: Animal skin       |     3 |       |       ||     3
         Ring mail         |    19 |       |       ||    19
         Chain mail        |       |    50 |    75 ||   125
  Dodge: Dodged            |    41 |    40 |    71 ||   152
